 Dungeon Crawl Stone Soup version 0.31-a0-222-gefeffbb62a (webtiles) character file.

Game seed: 4722328573233059420

298 qw the Shooter (level 6, 0/37 HPs)
             Began as a Gargoyle Hexslinger on July 4, 2023.
             Was an Initiate of Okawaru.
             Slain by an orc wizard
             ... wielding a +0 dagger
              (2 damage)
             ... on level 5 of the Dungeon.
             The game lasted 00:01:30 (3168 turns).

qw the Shooter (Gargoyle Hexslinger)                Turns: 3168, Time: 00:01:30

Health: 0/37       AC:  7    Str: 16 (17) XL:     6   Next: 36%
Magic:  16/16      EV: 11    Int: 12      God:    Okawaru [......]
Gold:   154        SH:  0    Dex:  9 (11) Spells: 6/7 levels left

rFire   . . .        Y - +2 sling (drain)
rCold   + . .        (no shield)
rNeg    + . .        m - +0 leather armour
rPois   inf          (helmet restricted)
rElec   +            (no cloak)
rCorr   .            (no gloves)
SInv    .            (no boots)
Will    +....        (no amulet)
Stlth   +            i - +6 ring of strength
HPRegen 0.26/turn    a - ring of Awe {rC+ Will+ MP+9 Dex-3}
MPRegen 0.15/turn

%: no passive effects
@: no status effects
A: sickness immunity, AC +4, negative energy resistance 1, electricity
resistance, torment resistance 1, petrification resistance, beak, dopey 1
a: Renounce Religion


You were on level 5 of the Dungeon.
You worshipped Okawaru.
Okawaru was noncommittal.
You visited 2 branches of the dungeon, and saw 6 of its levels.

You collected 154 gold pieces.


Innate Abilities, Weirdness & Mutations

You are immune to sickness and miasma.
Your stone body is resilient. (AC +4)
You are immune to poison.
You resist negative energy. (rN+)
You are resistant to electric shocks. (rElec)
You are resistant to unholy torment.
You are immune to petrification.
You have a beak for a mouth.
You are dopey. (Int -2)


   Skills:
 - Level 3.2 Fighting
 + Level 5.8 Ranged Weapons
 - Level 1.5 Dodging
 - Level 1.0 Spellcasting
 - Level 2.6 Hexes


You had 6 spell levels left.
You knew the following spells:

 Your Spells              Type           Power      Damage    Failure   Level
a - Slow                  Hex            28%        N/A       12%         1

Your spell library contained the following spells:

 Spells                   Type           Power      Damage    Failure   Level
 Inner Flame              Hex/Fire       3%         N/A       54%         3
 Portal Projectile        Hex/Tloc       6%         N/A       54%         3
 Cause Fear               Hex            3%         N/A       77%         4

Inventory:

Hand Weapons
 Y - a +2 sling of draining (weapon)
Armour
 m - a +0 leather armour (worn)
Jewellery
 a - the ring of Awe (right hand) {rC+ Will+ MP+9 Dex-3}
   (You acquired it on level 2 of the Dungeon)

   [ring of magical power]

   Dex:       It affects your dexterity (-3).
   rC:        It protects you from cold.
   MP:        It affects your magic capacity (+9).
   Will:      It increases your willpower.
 i - a +6 ring of strength (left hand)
 k - a ring of ice
Scrolls
 f - a scroll of identify
Potions
 b - a potion of resistance {unknown}
 d - a potion of mutation
 g - 2 potions of curing
 h - a potion of haste {unknown}
 j - a potion of enlightenment {unknown}
 n - a potion of might {unknown}

Dungeon Overview and Level Annotations

Branches:
Dungeon (5/15)             Temple (1/1) D:4

Altars:
Ashenzari
Cheibriados
Dithmenos
Fedhas
Gozag
Hepliaklqana
Kikubaaqudgha
Makhleb
Nemelex Xobeh
Okawaru
Qazlal
Ru
Sif Muna
Uskayaw
Vehumet
Wu Jian
Xom
Yredelemnul
Zin
The Shining One

Shops:
D:3 =   D:4 :


Message History

You shoot a sling bullet. The sling bullet hits the orc priest!
You drain the orc priest.
The orc priest is almost dead.
The orc priest calls down the wrath of Beogh upon you.
Beogh smites you!
You shoot a sling bullet. The sling bullet hits the orc priest.
You kill the orc priest!
Okawaru accepts your kill.
You shoot a sling bullet. The sling bullet hits the orc!
The orc is almost dead.
You hear a shout!
The orc misses you.
You shoot a sling bullet. The sling bullet hits the orc.
You kill the orc!
Okawaru accepts your kill.
You shoot a sling bullet.
The sling bullet barely misses the orc wizard.
You shoot a sling bullet. The sling bullet hits the orc wizard.
You drain the orc wizard.
The orc wizard is heavily wounded.
You shoot a sling bullet.
The sling bullet closely misses the orc wizard.
The orc wizard hits you but does no damage.
You shoot a sling bullet.
The sling bullet hits the orc wizard but does no damage.
You drain the orc wizard.
The orc wizard is severely wounded.
The orc wizard gestures at you while chanting.
The magic dart hits you.
You shoot a sling bullet.
The sling bullet closely misses the orc wizard.
The orc wizard hits you but does no damage.
You shoot a sling bullet.
The sling bullet closely misses the orc wizard.
The orc wizard hits you but does no damage.
The orc wizard misses you.
You shoot a sling bullet.
The sling bullet barely misses the orc wizard.
The orc wizard hits you with a +0 dagger.
You die...

###### #....# #.##.#
#.#..######### ##
#.#..@.##....#
....>#.####o##.##.#
#.#.#...#.....##.####
...###.########....#
#.###.# ####.#
####...#.# #.#
#........# #.#
#........# #.#
#........# #o#


You could see an orc wizard (very drained).

Vanquished Creatures
  An orc priest (D:5)
  A jelly (D:4)
  A gnoll bouda (D:4)
  Ijyb (D:4)
  3 adders
  6 gnolls
  2 worms
  2 dart slugs
  3 orcs
  9 ball pythons
  7 endoplasms
  3 giant cockroaches
  10 goblins
  9 hobgoblins
  4 jackals (D:2)
  2 quokkas (D:1)
  7 bats
  6 frilled lizards
  8 kobolds
  3 rats
88 creatures vanquished.

Notes
Turn   | Place    | Note
-------+----------+-------------------------------------------
     0 | D:1      | qw the Gargoyle Hexslinger began the quest for the Orb.
     0 | D:1      | Reached XP level 1. HP: 12/12 MP: 2/2
     0 | D:1      | 0 ||| qw: Version: 0.3-a-46-gb1f654a
     0 | D:1      | 0 ||| qw: Game counter: 915
     0 | D:1      | 0 ||| qw: Melee chars always use a shield: true
     0 | D:1      | 0 ||| qw: God list: Okawaru
     0 | D:1      | 0 ||| qw: Allow faded altars: false
     0 | D:1      | 0 ||| qw: Do Orc after clearing Dungeon:15 true
     0 | D:1      | 0 ||| qw: Do second Lair branch before Depths: true
     0 | D:1      | 0 ||| qw: Lair rune preference: random
     0 | D:1      | 0 ||| qw: Goals: Normal
     0 | D:1      | 0 ||| PLANNING D:1-11
     7 | D:1      | Noticed an electric eel
   111 | D:1      | Reached skill level 3 in Ranged Weapons
   111 | D:1      | Reached XP level 2. HP: 8/16 MP: 3/3
   234 | D:1      | Reached XP level 3. HP: 21/21 MP: 4/4
   608 | D:1      | 608 ||| READING 2 scrolls labelled MUSAAG LUNU.
   609 | D:1      | 609 ||| READING 3 scrolls labelled QULIUKAUJI.
   610 | D:1      | 610 ||| READING scroll labelled KIPNAR AGRONUA.
   711 | D:1      | 711 ||| DRINKING 2 silvery potions.
   712 | D:1      | 712 ||| READING 2 scrolls of identify.
   712 | D:1      | 712 ||| IDENTIFYING dark potion
   713 | D:1      | 713 ||| DROPPING scroll of vulnerability.
   714 | D:1      | 714 ||| DROPPING scroll of poison.
   892 | D:2      | Reached XP level 4. HP: 23/26 MP: 5/5
   912 | D:2      | Reached skill level 4 in Ranged Weapons
   912 | D:2      | 912 ||| FLEEEEING.
   913 | D:2      | 913 ||| FLEEEEING.
   914 | D:2      | 914 ||| FLEEEEING.
   915 | D:2      | 915 ||| FLEEEEING.
   916 | D:2      | 916 ||| FLEEEEING.
   917 | D:2      | 917 ||| FLEEEEING.
   918 | D:2      | 918 ||| FLEEEEING.
   919 | D:2      | 919 ||| FLEEEEING.
   925 | D:2      | 925 ||| FLEEEEING.
   926 | D:2      | 926 ||| FLEEEEING.
   933 | D:2      | 933 ||| STAIRDANCE
   960 | D:1      | 960 ||| READING 3 scrolls labelled VOOCEO ITANE.
   961 | D:1      | 961 ||| DROPPING 2 scrolls of noise.
   973 | D:2      | 973 ||| STAIRDANCE
  1214 | D:2      | 1214 ||| UPGRADING to +6 ring of strength.
  1215 | D:2      | 1215 ||| READING scroll labelled AGHEEM VYGAMAR.
  1220 | D:2      | 1220 ||| READING scroll labelled ONOYZATUOD.
  1221 | D:2      | 1221 ||| READING scroll labelled TIWITE YWAE.
  1221 | D:2      | Identified a scroll of acquirement
  1221 | D:2      | 1221 ||| ACQUIRING ring of Awe {rC+ Will+ MP+9 Dex-3}
  1221 | D:2      | Acquired the ring of Awe {rC+ Will+ MP+9 Dex-3}
  1223 | D:2      | 1223 ||| UPGRADING to ring of Awe {rC+ Will+ MP+9 Dex-3}.
  1288 | D:2      | 1288 ||| DRINKING 2 viscous inky potions.
  1289 | D:2      | 1289 ||| DROPPING potion of degeneration.
  1555 | D:3      | Found an opulent altar of Gozag.
  1636 | D:3      | Found Bydini Rejo's Jewellery Shop.
  1646 | D:3      | 1646 ||| SHOPLISTING +4 ring of protection (432 gold, have
                  | 59).
  1646 | D:3      | 1646 ||| SHOPLISTING +5 ring of evasion (432 gold, have
                  | 59).
  1646 | D:3      | 1646 ||| SHOPLISTING amulet of reflection (360 gold, have
                  | 59).
  1646 | D:3      | 1646 ||| SHOPLISTING amulet of the acrobat (360 gold, have
                  | 59).
  1646 | D:3      | 1646 ||| SHOPLISTING ring "Zori Muhi" {rElec rC+ Dex+4}
                  | (568 gold, have 59).
  1646 | D:3      | 1646 ||| SHOPLISTING ring of resist corrosion (240 gold,
                  | have 59).
  1995 | D:3      | 1995 ||| READING scroll labelled JYFYUHOIHEA.
  1996 | D:3      | 1996 ||| READING scroll labelled ZAGGUO XACENE.
  1997 | D:3      | 1997 ||| READING 2 scrolls of identify.
  1997 | D:3      | 1997 ||| IDENTIFYING golden potion
  1998 | D:3      | 1998 ||| DROPPING potion of ambrosia.
  2048 | D:4      | Reached XP level 5. HP: 30/30 MP: 6/6
  2052 | D:4      | Noticed Ijyb
  2067 | D:4      | Killed Ijyb
  2068 | D:4      | Reached skill level 5 in Ranged Weapons
  2099 | D:4      | Found Ytof's Book Shoppe.
  2194 | D:4      | 2194 ||| Stepping ~*~*~tactically~*~*~ (outnumbered).
  2209 | D:4      | HP: 6/31 [kobold/+0 club (2)]
  2210 | D:4      | 2210 ||| DRINKING 2 potions of heal wounds.
  2218 | D:4      | Reached skill level 3 in Fighting
  2221 | D:4      | HP: 8/32 [gnoll/+0 spear[a gnoll bouda] (3)]
  2222 | D:4      | 2222 ||| DRINKING potion of heal wounds.
  2228 | D:4      | Reached XP level 6. HP: 26/37 MP: 7/7
  2582 | D:4      | Found a staircase to the Ecumenical Temple.
  2583 | D:4      | 2583 ||| PLANNING TEMPLE
  2583 | D:4      | 2583 ||| UPGRADING to +0 leather armour.
  2593 | D:4      | 2593 ||| DROPPING +0 robe.
  2594 | D:4      | 2594 ||| DROPPING +6 ring of intelligence.
  2595 | D:4      | 2595 ||| DRINKING 2 lumpy grey potions.
  2595 | D:4      | Gained mutation: You are dopey. (Int -2) [potion of
                  | mutation]
  2595 | D:4      | Gained mutation: You have a beak for a mouth. [potion of
                  | mutation]
  2596 | D:4      | 2596 ||| DRINKING 2 fizzy brown potions.
  2597 | D:4      | 2597 ||| DROPPING potion of brilliance.
  2609 | Temple   | Entered the Ecumenical Temple
  2656 | Temple   | 2656 ||| PLANNING OKAWARU WORSHIP
  2779 | Temple   | Became a worshipper of Warmaster Okawaru
  2780 | Temple   | 2780 ||| PLANNING D:1-11
  3078 | D:5      | Entered Level 5 of the Dungeon
  3139 | D:5      | 3139 ||| FLEEEEING.
  3140 | D:5      | 3140 ||| FLEEEEING.
  3141 | D:5      | 3141 ||| FLEEEEING.
  3142 | D:5      | 3142 ||| FLEEEEING.
  3143 | D:5      | 3143 ||| FLEEEEING.
  3144 | D:5      | 3144 ||| FLEEEEING.
  3158 | D:5      | HP: 5/37 [orc priest/divine providence (13)]
  3165 | D:5      | HP: 1/37 [orc wizard/magic dart (6)]
  3168 | D:5      | Slain by an orc wizard

Levels and vault maps discovered:
D:1:      arrival_aquarium_a, layout_basic
D:2:      layout_rooms, nrook_campfire, minmay_tall_x
D:3:      layout_basic, mainiacjoe_overflow_catwalk, serial_shops,
          nicolae_shop_gaudy_bauble, chequers_serial_rivers_room_a,
          corexii_hall_statues_i, nicolae_titane
D:4:      layout_basic, minmay_temple_entry_junction_2, serial_shops, shop,
          uniq_ijyb
D:5:      layout_basic, elyvilon_altar_4, chequers_garden,
          uniq_crazy_yiuf_cottage
Temple:   nicolae_temple_bog_church

Skill      XL: |  1  2  3  4  5 |
---------------+----------------+-----
Ranged Weapons | 3 4 5 |  5.8
Fighting       | 2 3 |  3.2
Dodging        | |  1.5
Spellcasting   | |  1.0
Hexes          | |  2.6

Action                     |  1- 3 |  4- 6 || total
---------------------------+-------+-------++-------
   Fire: Sling             |   125 |   187 ||   312
    Use: Scroll            |     4 |     7 ||    11
         Potion            |     1 |     5 ||     6
 Armour: Robe              |    18 |    37 ||    55
         Leather armour    |       |     3 ||     3
  Dodge: Dodged            |    35 |    57 ||    92

Table legend:
 A = Non-vault XP
 B = Vault XP
 C = Vault XP percentage of total XP
 D = Non-vault monster count
 E = Vault monster count
 F = Vault count percentage of total count
                 A         B        C        D         E       F
            +---------+---------+-------+---------+---------+-------
      Total |     371 |      56 |  13.1 |      83 |       5 |   5.7
            +---------+---------+-------+---------+---------+-------
        D:1 |      61 |       0 |   0.0 |      27 |       0 |   0.0
        D:2 |      39 |      20 |  33.9 |      24 |       4 |  14.3
        D:3 |      44 |       0 |   0.0 |      16 |       0 |   0.0
        D:4 |     181 |      36 |  16.6 |      14 |       1 |   6.7
        D:5 |      46 |       0 |   0.0 |       2 |       0 |   0.0
            +---------+---------+-------+---------+---------+-------
